 Dungeon Crawl Stone Soup version 0.22-a0-479-gc6e99f3 (webtiles) character file.

14311 stealthycow the Grappler (level 11, -1/115 HPs)
             Began as a Troll Berserker on June 14, 2018.
             Was a High Priest of Trog.
             Slain by a freezing wraith (5 damage)
             ... led by a death knight
             ... on level 11 of the Dungeon.
             The game lasted 00:36:47 (8918 turns).

stealthycow the Grappler (Troll Berserker)          Turns: 8918, Time: 00:36:48

Health: -1/115     AC: 10    Str: 33    XL:     11   Next: 87%
Magic:  10/10      EV: 13    Int:  3    God:    Trog [*****.]
Gold:   733        SH:  0    Dex:  9    Spells: 10/10 levels left

rFire    . . .     SeeInvis +     - Unarmed
rCold    . . .     Gourm    +   (no shield)
rNeg     . . .     Faith    .   N - +0 steam dragon scales
rPois    .         Spirit   .   c - +2 hat
rElec    .         Reflect  .   (no cloak)
rCorr    .         Harm     .   (gloves unavailable)
MR       .....                  (boots unavailable)
Stlth    +.........             p - amulet of regeneration
HPRegen  1.09/turn              v - +3 ring of strength
MPRegen  0.12/turn              z - ring of see invisible

@: vulnerable, berserk cooldown, slowed, very slow
A: large, unfitting armour, claws 3, fast metabolism 3, gourmand, regeneration
1, shaggy fur 1, tough skin 2
a: Berserk, Trog's Hand, Brothers in Arms, Renounce Religion


You were on level 11 of the Dungeon.
You worshipped Trog.
Trog was extremely pleased with you.
You were very full.

You visited 1 branch of the dungeon, and saw 11 of its levels.

You collected 733 gold pieces.

Inventory:

Hand Weapons
 o - a +0 whip of electrocution
Missiles
 a - 7 large rocks (quivered)
 j - 13 javelins
Armour
 c - a +2 hat (worn)
 L - a +0 robe of magic resistance
 N - +0 steam dragon scales (worn)
Jewellery
 i - an uncursed ring of ice
 p - an amulet of regeneration (around neck)
 v - a +3 ring of strength (left claw)
 z - a ring of see invisible (right claw)
 H - an uncursed ring of protection from fire
Wands
 m - a wand of scattershot (10)
 n - a wand of disintegration (24)
 r - a wand of clouds (3)
 t - a wand of polymorph (9)
 x - a wand of flame (33)
 C - a wand of acid (5)
 D - a wand of enslavement (14)
 I - a wand of iceblast (8)
Scrolls
 e - 2 scrolls of blinking {unknown}
 f - 2 scrolls of magic mapping
 u - 2 scrolls of teleportation
 y - a scroll of immolation {unknown}
 B - 2 scrolls of remove curse
 E - a scroll of fear {unknown}
 F - 3 scrolls of enchant armour
 G - 2 scrolls of enchant weapon {unknown}
 J - a scroll of random uselessness {unknown}
Potions
 d - a potion of ambrosia
 g - 3 potions of might
 h - 4 potions of flight
 k - 4 potions of heal wounds
 l - 4 potions of curing
 q - a potion of haste
 s - 2 potions of resistance
 w - a potion of magic
 A - a potion of lignification {unknown}
 K - a potion of agility {unknown}
Comestibles
 b - 13 rations
 M - 5 chunks of flesh


   Skills:
 + Level 9.0 Fighting
 + Level 5.0 Throwing
 + Level 9.0 Dodging
 * Level 11.9 Unarmed Combat


You had 10 spell levels left.
You didn't know any spells.
Your spell library was empty.

Dungeon Overview and Level Annotations

Branches:
Dungeon (11/15)            Temple (0/1) D:7            Lair (0/6) D:8
    Orc (0/2) D:10

Altars:
Qazlal
Ru

Shops:
D:4 =   D:8 (

Annotations:
D:3 Sigmund


Innate Abilities, Weirdness & Mutations

You are too large for most types of armour.
You have claws for hands.
Your metabolism is lightning-fast.
You like to eat raw meat.
Your natural rate of healing is unusually fast.
You are covered in fur. (AC +1)
You have very tough skin. (AC +2)


Message History

You feel as though you will be slow longer.
The freezing wraith barely misses you.
The freezing wraith hits you but does no damage.
You barely miss the freezing wraith.
The freezing wraith is heavily damaged.
The freezing wraith barely misses you.
The freezing wraith hits you but does no damage.
The freezing wraith hits you. The freezing wraith freezes you!
The freezing wraith hits you.
* * * LOW HITPOINT WARNING * * *
The freezing wraith drains your vigour!
You feel as though you will be slow longer.
You completely miss the freezing wraith.
The freezing wraith is heavily damaged.
The freezing wraith hits you!
* * * LOW HITPOINT WARNING * * *
The freezing wraith freezes you!!
* * * LOW HITPOINT WARNING * * *
The freezing wraith barely misses you. x2; The freezing wraith hits you.
You die...

##.....#.....## ##
########....## #.
####..# ###. ##.# #...
##.###... #####
#.......# #
#≈≈≈###......##
#...###########......###
..W<...@W(..............
...#.##W########......##
#.# #.>...## ..# ###..##
...# #...##...# ...##
#..[##...# ###
#.#...###........# ..#
#..##.>.....###..# ..#
.......###..###


You could see 2 freezing wraiths and a phantom.

Vanquished Creatures
  Erolcha (D:10)
  2 two-headed ogres (D:7)
  A death knight (D:11)
  Urug (D:10)
  An unseen horror (D:11)
  Pikel (D:4)
  An ugly thing (D:11)
  A phantasmal warrior (D:11)
  2 cyclopes (D:11)
  Psyche (D:11)
  A komodo dragon (D:8)
  Prince Ribbit (D:6)
  A hornet (D:6)
  4 hippogriffs
  A vampire (D:10)
  2 wyverns
  Eustachio (D:4)
  A steam dragon (D:11)
  9 yaks (D:10)
  Edmund (D:4)
  Menkaure (D:4)
  3 water moccasins
  2 slaves
  5 sky beasts
  3 ice beasts
  5 orc warriors
  4 ogres
  The ghost of Sekkong the Chopper, an amateur HOFi (D:3)
  A black bear (D:9)
  2 phantoms
  6 bullfrogs
  4 scorpions
  7 howler monkeys
  4 crimson imps
  A bullfrog zombie (D:8)
  5 hounds
  10 orc wizards
  6 orc priests
  2 jellies
  Jessica (D:3)
  4 bullfrog skeletons
  A centaur skeleton (D:7)
  9 iguanas
  8 worker ants
  10 adders
  7 gnolls
  A howler monkey skeleton (D:10)
  3 shadow imps
  4 oozes
  2 adder skeletons
  3 worms
  3 dart slugs
  6 leopard geckos
  36 orcs
  9 bats
  3 giant cockroaches
  7 goblins
  11 hobgoblins
  8 jackals
  12 kobolds
  3 quokkas
  4 ball pythons
  A ball python skeleton (D:4)
  5 frilled lizards
  2 jackal skeletons (D:6)
  2 jackal zombies
  7 rats
278 creatures vanquished.

Vanquished Creatures (others)
  A plant (D:8)
1 creature vanquished.

Grand Total: 279 creatures vanquished

Notes
Turn   | Place    | Note
-------+----------+-------------------------------------------
     0 | D:1      | stealthycow the Troll Berserker began the quest for the Orb.
     0 | D:1      | Reached XP level 1. HP: 22/22 MP: 0/0
    45 | D:1      | Reached XP level 2. HP: 20/29 MP: 1/1
   183 | D:1      | Reached XP level 3. HP: 36/36 MP: 2/2
   461 | D:1      | Reached ** piety under Trog
   806 | D:2      | Reached XP level 4. HP: 42/45 MP: 3/3
   926 | D:2      | Found a sacrificial altar of Ru.
  1053 | D:2      | Reached skill level 4 in Unarmed Combat
  1489 | D:2      | Reached XP level 5. HP: 50/53 MP: 4/4
  1682 | D:3      | Noticed Jessica
  1688 | D:3      | Killed Jessica
  1738 | D:3      | Noticed Sekkong's ghost (amateur HOFi)
  1795 | D:3      | Killed Sekkong's ghost
  1795 | D:3      | Reached XP level 6. HP: 62/62 MP: 5/5
  1935 | D:3      | Noticed Sigmund
  2050 | D:3      | Reached *** piety under Trog
  2402 | D:4      | Noticed Edmund
  2412 | D:4      | Killed Edmund
  2412 | D:4      | Reached skill level 5 in Unarmed Combat
  2416 | D:4      | Reached XP level 7. HP: 70/70 MP: 6/6
  2543 | D:4      | Noticed Menkaure
  2555 | D:4      | Noticed Eustachio
  2557 | D:4      | Noticed Pikel
  2833 | D:4      | Killed Eustachio
  2891 | D:4      | Killed Pikel
  2891 | D:4      | Reached skill level 5 in Fighting
  2891 | D:4      | Reached skill level 5 in Dodging
  2891 | D:4      | Reached skill level 6 in Unarmed Combat
  2891 | D:4      | Reached XP level 8. HP: 65/80 MP: 7/7
  2970 | D:4      | Found Eliucac's Jewellery Emporium.
  2991 | D:4      | Killed Menkaure
  3229 | D:5      | Entered Level 5 of the Dungeon
  3753 | D:5      | Reached skill level 7 in Unarmed Combat
  4314 | D:6      | Reached **** piety under Trog
  4447 | D:6      | Reached XP level 9. HP: 89/89 MP: 8/8
  4786 | D:6      | Noticed Prince Ribbit
  4794 | D:6      | Killed Prince Ribbit
  5260 | D:7      | Found a staircase to the Ecumenical Temple.
  5277 | D:7      | Noticed a two-headed ogre
  5284 | D:7      | Killed a two-headed ogre
  5284 | D:7      | Reached skill level 8 in Unarmed Combat
  5304 | D:7      | Noticed a two-headed ogre
  5315 | D:7      | Killed a two-headed ogre
  5389 | D:7      | Reached skill level 9 in Unarmed Combat
  5389 | D:7      | Reached XP level 10. HP: 87/102 MP: 9/9
  6112 | D:8      | Reached skill level 1 in Throwing
  6134 | D:8      | Found Gehoiluw's Weapon Boutique.
  6267 | D:8      | Found a staircase to the Lair.
  6610 | D:8      | Reached ***** piety under Trog
  6922 | D:9      | Reached skill level 10 in Unarmed Combat
  7385 | D:10     | Entered Level 10 of the Dungeon
  7559 | D:10     | Found a staircase to the Orcish Mines.
  7675 | D:10     | Noticed Urug
  7686 | D:10     | Killed Urug
  7686 | D:10     | Reached XP level 11. HP: 111/111 MP: 10/10
  7816 | D:10     | Noticed Erolcha
  7822 | D:10     | Killed Erolcha
  7876 | D:10     | Reached skill level 11 in Unarmed Combat
  7963 | D:10     | Received a gift from Trog
  8390 | D:11     | Noticed Psyche
  8390 | D:11     | Noticed a purple ugly thing
  8422 | D:11     | Noticed a red ugly thing
  8434 | D:11     | Killed a red ugly thing
  8580 | D:11     | Killed Psyche
  8857 | D:11     | Noticed an unseen horror
  8863 | D:11     | Killed an unseen horror
  8877 | D:11     | Found a stormy altar of Qazlal.
  8902 | D:11     | Noticed a death knight
  8902 | D:11     | Noticed a phantasmal warrior
  8906 | D:11     | Killed a death knight
  8906 | D:11     | Received a gift from Trog
  8911 | D:11     | Killed a phantasmal warrior
  8911 | D:11     | Reached skill level 5 in Throwing
  8918 | D:11     | HP: 4/115 [freezing wraith[a death knight] (22)]
  8918 | D:11     | Slain by a freezing wraith

Vault maps used:
D:1:      erik_arrival_gehennom, minmay_cut_off
D:2:      nicolae_ru_sacrificial_ziggurat
D:3:      first_ration, kennysheep_generic_room_15, uniq_sigmund, uniq_jessica
D:4:      serial_shops, shop, minmay_misc_feat_room, nrook_loot_triangle,
          kennysheep_generic_room_11, uniq_menkaure, uniq_edmund, uniq_pikel,
          uniq_eustachio
D:6:      kb_forest_paths, uniq_prince_ribbit1
D:7:      minmay_temple_entry_statues_fountains, kennysheep_generic_room_16
D:8:      david_lair_shrubbed, serial_shops, nicolae_shop_waterfront
D:10:     david_orc_2, uniq_erolcha, uniq_urug
D:11:     serial_aquarium, aquarium_bridge_straight, aquarium_bridge_straight,
          aquarium_window_fake, aquarium_window_1, aquarium_window_2,
          aquarium_view_2b, grunt_livestock, nicolae_qazlal_style_of_elements,
          uniq_psyche

Skill      XL: |  1  2  3  4  5  6  7  8  9 10 11 |
---------------+----------------------------------+-----
Fighting       | 3 4 5 6 7 8 9 |  9.0
Dodging        | 3 4 5 6 7 8 9 |  9.0
Unarmed Combat | 4 5 6 7 9 10 11 | 11.9
Throwing       | 3 5 |  5.0

Action                   |  1- 3 |  4- 6 |  7- 9 | 10-12 || total
-------------------------+-------+-------+-------+-------++-------
Melee: Unarmed           |   128 |   183 |   193 |   352 ||   856
       Punch             |     1 |     4 |     6 |    12 ||    23
Throw: Javelin           |       |       |    28 |    40 ||    68
       Large rock        |       |       |       |     1 ||     1
Invok: Berserk           |       |     3 |     6 |    13 ||    22
       Trog's Hand       |       |       |       |     1 ||     1
  Use: Scroll            |       |       |    11 |     2 ||    13
 Stab: Sleeping          |     1 |     1 |       |       ||     2
  Eat: Chunk             |    12 |    16 |    30 |    47 ||   105
       Ration            |       |       |     1 |       ||     1
Armor: Animal skin       |    70 |    68 |    40 |    90 ||   268
       Robe              |       |       |     5 |     1 ||     6
       Steam dragon scal |       |       |       |     5 ||     5
Dodge: Dodged            |    91 |   100 |    75 |   205 ||   471

Table legend:
 A = Spawn XP
 B = Non-spawn XP
 C = Spawn XP percentage of total XP
 D = Spawn monster count
 E = Non-spawn monster count
 F = Spawn count percentage of total count
 G = Total turns spent on level
                    A         B        C        D         E        F      G
               +---------+---------+-------+---------+---------+-------+---------
         Total |       0 |   20445 |   0.0 |       0 |     276 |   0.0 |  8918
               +---------+---------+-------+---------+---------+-------+---------
           D:1 |       0 |      96 |   0.0 |       0 |      39 |   0.0 |   788
           D:2 |       0 |     114 |   0.0 |       0 |      27 |   0.0 |   909
           D:3 |       0 |     282 |   0.0 |       0 |      26 |   0.0 |   798
           D:4 |       0 |    1476 |   0.0 |       0 |      16 |   0.0 |   734
           D:5 |       0 |     341 |   0.0 |       0 |       6 |   0.0 |   806
           D:6 |       0 |    1387 |   0.0 |       0 |      25 |   0.0 |  1122
           D:7 |       0 |    2924 |   0.0 |       0 |      23 |   0.0 |   916
           D:8 |       0 |    1655 |   0.0 |       0 |      26 |   0.0 |   746
           D:9 |       0 |    1981 |   0.0 |       0 |      35 |   0.0 |   566
          D:10 |       0 |    4668 |   0.0 |       0 |      32 |   0.0 |  1054
          D:11 |       0 |    5521 |   0.0 |       0 |      21 |   0.0 |   479
               +---------+---------+-------+---------+---------+-------+---------
